 Dungeon Crawl Stone Soup version 0.23-a0-714-g00c90a0c22 (webtiles) character file.

29 Roran the Ruffian (level 3, -4/31 HPs)
             Began as a Naga Transmuter on Jan 16, 2019.
             Slain by an ogre
             ... wielding a +0 giant club
              (20 damage)
             ... on level 2 of the Dungeon.
             The game lasted 00:11:34 (1310 turns).

Roran the Ruffian (Naga Transmuter)                 Turns: 1310, Time: 00:11:35

Health: -4/31      AC:  2    Str: 13    XL:     3   Next: 16%
Magic:  1/6        EV: 10    Int: 17    God:
Gold:   36         SH:  0    Dex: 11    Spells: 3/6 levels left

rFire    + . .     SeeInvis +     - Unarmed
rCold    . . .     Gourm    .   (no shield)
rNeg     . . .     Faith    .   b - +0 robe
rPois    +         Spirit   .   (no helmet)
rElec    .         Reflect  .   (no cloak)
rCorr    .         Harm     .   (no gloves)
MR       .....                  (no barding)
Stlth    ++........             g - amulet of the acrobat
HPRegen  0.10/turn              c - ring of protection from fire
MPRegen  0.10/turn              h - +4 ring of intelligence

@: appendage (expiring), very slow
A: large, horns 2, see invisible, deformed body, poison resistance, slowness 2,
slow metabolism 1, spit poison 1, AC +1
a: Spit Poison, End Transformation


You were on level 2 of the Dungeon.
You were hungry.
You had grown temporary horns.
You visited 1 branch of the dungeon, and saw 2 of its levels.

You collected 36 gold pieces.

Inventory:

Missiles
 a - 19 arrows
Armour
 b - a +0 robe (worn)
Jewellery
 c - a ring of protection from fire (left hand)
 g - an amulet of the acrobat (around neck)
 h - a +4 ring of intelligence (right hand)
Scrolls
 e - a scroll of remove curse
 f - a scroll of identify
 i - a scroll of random uselessness {unknown}
Comestibles
 d - 5 rations


   Skills:
 - Level 1.0 Fighting
 - Level 1.6 Dodging
 + Level 1.5 Stealth
 - Level 3.3 Unarmed Combat
 - Level 2.1 Spellcasting
 * Level 2.6 Transmutations


You had 3 spell levels left.
You knew the following spells:

 Your Spells              Type           Power        Failure   Level  Hunger
a - Beastly Appendage     Tmut           ##....       6%          1    #......
b - Sticks to Snakes      Tmut           ##......     10%         2    ###....

Your spell library contained the following spells:

 Spells                   Type           Power        Failure   Level  Hunger
 Spider Form              Tmut/Pois      #.........   32%         3    ###....
 Ice Form                 Ice/Tmut       #.......     73%         4    #####..
 Blade Hands              Tmut           ##........   87%         5    ######.


Dungeon Overview and Level Annotations

Branches:
Dungeon (2/15)

Altars:


Innate Abilities, Weirdness & Mutations

You cannot wear boots.
Your serpentine skin is tough. (AC +1)
You have supernaturally acute eyesight. (SInv)
Armour fits poorly on your strangely shaped body.
Your system is resistant to poisons. (rPois)
You cover ground very slowly.
You have a slow metabolism.
You can spit poison.
You have a pair of horns on your head.


Message History

Your ball python bites the ogre but does no damage.
The ogre hits your ball python with a +0 giant club!!
Your ball python dies!
Casting: Sticks to Snakes (safe; 10% risk of failure)
Confirm with . or Enter, or press ? or * to list all spells.
You don't have enough magic to cast that spell.
You aren't carrying any potions.
Okay, then.
Your transformation is almost over.
You punch the ogre!
The ogre is moderately wounded.
The ogre hits you with a +0 giant club!
You barely miss the ogre.
The ogre is moderately wounded.
The ogre closely misses you.
You barely miss the ogre.
The ogre is moderately wounded.
The ogre hits you with a +0 giant club!!
Ouch! That really hurt!
You die...

#.#..#.## .#
#.......# .. #
#..#..##.#.#.
#>#............
#........).#
####)#.#####
#.#.# #O#.#
#@#.# ##.#.#
#....# #..###
#..# #..# #..#
## #..# #.
##..# ...#####.


You could see an ogre.

Vanquished Creatures
  4 bats (D:1)
  3 giant cockroaches
  2 goblins (D:1)
  5 hobgoblins (D:1)
  A jackal (D:2)
  2 kobolds (D:1)
  A ball python (D:1)
  3 frilled lizards (D:1)
  3 rats (D:1)
24 creatures vanquished.

Vanquished Creatures (collateral kills)
  2 jackals (D:2)
  A kobold (D:1)
  A rat (D:1)
4 creatures vanquished.

Grand Total: 28 creatures vanquished

Notes
Turn   | Place    | Note
-------+----------+-------------------------------------------
     0 | D:1      | Roran the Naga Transmuter began the quest for the Orb.
     0 | D:1      | Reached XP level 1. HP: 18/18 MP: 3/3
   129 | D:1      | Reached XP level 2. HP: 23/25 MP: 3/5
   180 | D:1      | Learned a level 2 spell: Sticks to Snakes
   604 | D:1      | Reached skill level 1 in Stealth
   934 | D:1      | Reached XP level 3. HP: 30/31 MP: 6/6
  1295 | D:2      | Noticed an ogre
  1310 | D:2      | Slain by an ogre

Vault maps used:
D:1:      elethiomel_arrival_quiet
D:2:      marbit_many_paths

Skill      XL: |  1  2 |
---------------+-------+-----
Stealth        | 1 |  1.5
Fighting       | |  1.0
Dodging        | |  1.6
Unarmed Combat | |  3.3
Spellcasting   | |  2.1
Transmutations | |  2.6

Action                   || total
-------------------------++-------
Melee: Unarmed           ||    72
       Punch             ||     1
 Cast: Beastly Appendage ||     8
       Sticks to Snakes  ||     4
 Abil: Spit Poison       ||    15
  Use: Scroll            ||     8
       Potion            ||     1
  Eat: Chunk             ||     1
Armor: Robe              ||    10
Dodge: Dodged            ||    42

Table legend:
 A = Non-vault XP
 B = Vault XP
 C = Vault XP percentage of total XP
 D = Non-vault monster count
 E = Vault monster count
 F = Vault count percentage of total count
                 A         B        C        D         E       F
            +---------+---------+-------+---------+---------+-------
      Total |      42 |       0 |   0.0 |      28 |       0 |   0.0
            +---------+---------+-------+---------+---------+-------
        D:1 |      36 |       0 |   0.0 |      24 |       0 |   0.0
        D:2 |       6 |       0 |   0.0 |       4 |       0 |   0.0
            +---------+---------+-------+---------+---------+-------
